 Dungeon Crawl Stone Soup version 0.30-a0-219-gf2db51d15e (webtiles) character file.

Game seed: 2594256465424874205

433652 Sobieck the Acrobat (level 25, -1/157 HPs)
             Began as a Kobold Gladiator on Oct 6, 2022.
             Was a Follower of Uskayaw.
             Engulfed by a putrid mouth's foul pestilence (15 damage)
             ... called by a doom hound
             ... on level 1 of the Crypt on Oct 7, 2022.
             The game lasted 01:55:26 (53980 turns).

Sobieck the Acrobat (Kobold Gladiator)             Turns: 53980, Time: 01:55:27

Health: -1/157     AC: 26    Str: 14    XL:     25   Next: 13%
Magic:  35/35      EV: 51    Int: 10    God:    Uskayaw [*.....]
Gold:   1031       SH: 28    Dex: 35    Spells: 24/24 levels left

rFire   . . .      SeeInvis .    a - +6 rapier (speed) {short}
rCold   + + +      Faith    .    D - +3 kite shield {AC+3}
rNeg    + . .      Spirit   .    J - +4 troll leather armour
rPois   +          Reflect  +    c - +2 helmet
rElec   +          Harm     .    Y - +2 cloak
rCorr   .          Rampage  .    W - +2 pair of gloves {Dex+3}
Will    +....                    Q - +2 pair of boots Stlth *+++++++++
                                 n - amulet of reflection
HPRegen 1.26/turn                F - ring of the Solstice {Drain rElec rPois rC+++ Slay+4}
MPRegen 0.24/turn                e - ring "Talaxor" {rN+ Dex+7}

@: lethally poisoned (-1 -> -9), hasted and slowed, studying Ice Magic
A: small, no large weapons, nightstalker 3, talons 1, sense surroundings 1
}: 2/15 runes: serpentine, barnacled
a: Renounce Religion, Stomp


You were on level 1 of the Crypt.
You worshipped Uskayaw.
Uskayaw was most pleased with you.
You visited 10 branches of the dungeon, and saw 43 of its levels.
You visited the Abyss 1 time.
You also visited: Gauntlet, Ice Cave and Wizlab.

You collected 4978 gold pieces.
You spent 3947 gold pieces at shops.


Innate Abilities, Weirdness & Mutations

You are small and have problems with some larger weapons.
You are completely attuned to the shadows.
You have sharp toenails.
You passively map a small area around you.


   Skills:
 + Level 15.8 Fighting
 - Level 14.0 Short Blades
 - Level 2.1 Throwing
 - Level 10.0 Armour
 + Level 26.4 Dodging
 - Level 24.0 Stealth
 + Level 18.3 Shields
 - Level 16.0 Invocations


You had 24 spell levels left.
You didn't know any spells.
Your spell library contained the following spells:

 Spells                   Type           Power      Damage    Failure   Level
 Apportation              Tloc           0%         N/A       63%         1
 Beastly Appendage        Tmut           0%         N/A       63%         1
 Freeze                   Ice            0%         1d3       63%         1
 Kiss of Death            Conj/Necr      0%         2d5       63%         1
 Magic Dart               Conj           0%         1d3       63%         1
 Necrotise                Necr           0%         1d4       63%         1
 Slow                     Hex            0%         N/A       63%         1
 Summon Small Mammal      Summ           0%         N/A       63%         1
 Cigotuvi's Dreadful Rot  Necr/Pois/Air  0%         N/A       77%         2
 Ensorcelled Hibernation  Hex/Ice        0%         N/A       77%         2
 Passwall                 Tmut/Erth      0%         N/A       77%         2
 Poisonous Vapours        Pois/Air       0%         N/A       77%         2
 Searing Ray              Conj           0%         2d4       77%         2
 Static Discharge         Conj/Air       0%         2-2/arc   77%         2
 Sublimation of Blood     Necr           0%         N/A       77%         2
 Wereblood                Tmut           0%         N/A       77%         2
 Call Canine Familiar     Summ           0%         N/A       94%         3
 Confusing Touch          Hex            0%         N/A       94%         3
 Frozen Ramparts          Ice            0%         1d1       94%         3
 Hailstorm                Conj/Ice       0%         3d3       94%         3
 Ignite Poison            Fire/Tmut/Pois 0%         N/A       94%         3
 Inner Flame              Hex/Fire       0%         N/A       94%         3
 Mephitic Cloud           Conj/Pois/Air  0%         N/A       94%         3
 Ozocubu's Armour         Ice            0%         N/A       94%         3
 Portal Projectile        Hex/Tloc       0%         N/A       94%         3
 Spider Form              Tmut/Pois      0%         N/A       94%         3
 Stone Arrow              Conj/Erth      0%         3d7       94%         3
 Summon Guardian Golem    Hex/Summ       0%         N/A       94%         3
 Swiftness                Air            0%         N/A       94%         3
 Vampiric Draining        Necr           0%         2d6       94%         3
 Animate Armour           Summ/Erth      0%         N/A       100%        4
 Dispel Undead            Necr           0%         3d6       100%        4
 Flame Wave               Conj/Fire      0%         2d4       100%        4
 Fulminant Prism          Conj/Hex       0%         3d6       100%        4
 Leda's Liquefaction      Hex/Erth       0%         N/A       100%        4
 Olgreb's Toxic Radiance  Pois           0%         N/A       100%        4
 Passage of Golubria      Tloc           0%         N/A       100%        4
 Sticky Flame             Conj/Fire      0%         2d3       100%        4
 Alistair's Intoxication  Tmut/Pois      0%         N/A       100%        5
 Borgnjor's Vile Clutch   Necr/Erth      0%         N/A       100%        5
 Freezing Cloud           Conj/Ice/Air   0%         6-21      100%        5
 Irradiate                Conj/Tmut      0%         3d11      100%        5
 Metabolic Englaciation   Hex/Ice        0%         N/A       100%        5
 Silence                  Hex/Air        0%         N/A       100%        5
 Summon Forest            Summ/Tloc      0%         N/A       100%        5
 Summon Mana Viper        Hex/Summ       0%         N/A       100%        5
 Eringya's Noxious Bog    Tmut/Pois      0%         N/A       100%        6
 Iron Shot                Conj/Erth      0%         9d1       100%        6
 Simulacrum               Ice/Necr       0%         N/A       100%        6
 Summon Cactus Giant      Summ           0%         N/A       100%        6
 Orb of Destruction       Conj           0%         9d5       100%        7
 Ozocubu's Refrigeration  Ice            0%         4d7       100%        7
 Spellforged Servitor     Conj/Summ      0%         N/A       100%        7
 Summon Hydra             Summ           0%         N/A       100%        7
 Ignition                 Fire           0%         3d3       100%        8
 Lehudib's Crystal Spear  Conj/Erth      0%         10d2      100%        8
 Chain Lightning          Conj/Air       0%         N/A       100%        9
 Fire Storm               Conj/Fire      0%         5d1       100%        9
 Polar Vortex             Ice            0%         N/A       100%        9
 Shatter                  Erth           0%         3d5*      100%        9

Inventory:

Hand Weapons
 a - a +6 rapier of speed (weapon) {short}
   (You acquired it on level 7 of the Dungeon)
 b - the +6 rapier "Keapn" {vamp, Stlth+, short}
   (You found it on level 3 of the Elven Halls)

   It occasionally heals its wielder for a portion of the damage dealt when it
   wounds a living foe.
   Stlth:     It makes you more stealthy.
 E - the +9 sword of Zonguldrok {reap}
   (You found it in a wizard's laboratory)

   Any living foe damaged by it may be reanimated upon death as a zombie
   friendly to the wielder, with an increasing chance as more damage is dealt.
 P - a +0 quick blade of flaming {shortrare=g}
   (You took it off a deep elf blademaster on level 3 of the Elven Halls)
Missiles
 d - 7 throwing nets (quivered) {=f!fthrowing}
Armour
 c - a +2 helmet (worn)
 D - a +3 kite shield of protection (worn)
   (You took it off a naga warrior on level 4 of the Snake Pit)
 H - a +0 buckler
   (You found it on level 3 of the Lair of Beasts)
 J - a +4 troll leather armour (worn)
   (You found it on level 10 of the Dungeon)
 Q - a +2 pair of boots (worn)
   (You found it on level 11 of the Dungeon)
 W - a +2 pair of gloves of dexterity (worn)
   (You found it in an ice cave)
 Y - a +2 cloak (worn)
   (You found it on level 4 of the Lair of Beasts)
Jewellery
 e - the ring "Talaxor" (right hand) {rN+ Dex+7}
   (You found it in an ice cave)

   [ring of positive energy]

   Dex:       It affects your dexterity (+7).
   rN:        It protects you from negative energy.
 l - a ring of positive energy
   (You found it on level 1 of the Lair of Beasts)
 n - an amulet of reflection (around neck)
   (You found it on level 1 of the Elven Halls)
 F - the ring of the Solstice (left hand) {Drain rElec rPois rC+++ Slay+4}
   (You acquired it on level 4 of the Dungeon)

   [ring of slaying]

   Slay:      It affects your accuracy & damage with ranged weapons and melee
   (+4).
   rC:        It renders you almost immune to cold.
   rElec:     It insulates you from electricity.
   rPois:     It protects you from poison.
   Drain:     It drains your maximum health when unequipped.
 L - the ring "Coto" {rF+ rCorr Int+4}
   (You found it on level 15 of the Dungeon)

   [ring of protection from fire]

   Int:       It affects your intelligence (+4).
   rF:        It protects you from fire.
   rCorr:     It protects you from acid and corrosion.
 O - the ring of Oskutes {Dex+2 SInv}
   (You found it on level 14 of the Dungeon)

   [ring of see invisible]

   Dex:       It affects your dexterity (+2).
   SInv:      It lets you see invisible.
 T - a ring of willpower
   (You found it on level 1 of the Vaults)
Wands
 m - a wand of digging (2)
   (You found it on level 2 of the Shoals)
 u - a wand of iceblast (27)
   (You found it on level 2 of the Lair of Beasts)
 v - a wand of quicksilver (17)
   (You found it on level 2 of the Dungeon)
 x - a wand of mindburst (7)
   (You found it on level 9 of the Dungeon)
 S - a wand of paralysis (29)
   (You found it on level 5 of the Dungeon)
Scrolls
 j - 6 scrolls of magic mapping {!r}
 k - 2 scrolls of fear
 p - 7 scrolls of immolation {!r!r}
 w - 10 scrolls of fog
 z - 5 scrolls of silence {!r}
 B - a scroll of blinking {!r}
 M - 4 scrolls of vulnerability {!r!r}
 R - 8 scrolls of poison
 U - 18 scrolls of teleportation {@r4}
Potions
 f - 11 potions of mutation {!q}
 g - 3 potions of resistance
 h - 3 potions of heal wounds {@q2}
 i - 3 potions of magic
 q - 2 potions of cancellation
 r - 7 potions of haste {@q3}
 s - 6 potions of brilliance
 t - 6 potions of flight
 y - 4 potions of ambrosia
 A - 4 potions of attraction {!q}
 I - 3 potions of invisibility
 K - 2 potions of might
 N - 28 potions of curing {@q1}
 V - 5 potions of berserk rage {!q}
Miscellaneous
 o - a condenser vane
   (You found it on level 3 of the Elven Halls)
 C - a lightning rod (4/4)
   (You found it on level 14 of the Dungeon)
 G - a phial of floods
   (You found it on level 3 of the Lair of Beasts)
 X - a tin of tremorstones (2/2) {throwing}
   (You found it on level 11 of the Dungeon)
 Z - a box of beasts
   (You found it on level 11 of the Dungeon)

Dungeon Overview and Level Annotations

Branches:
Dungeon (15/15) Zot: 24176  Temple (1/1) D:4 Zot: 5910    Lair (5/5) D:9 Zot: 24482
 Shoals (4/4) Lair:2 Zot: 20145   Snake (4/4) Lair:3 Zot: 19076   Slime (0/5) Lair:5
    Orc (2/2) D:9 Zot: 9451     Elf (3/3) Orc:2 Zot: 12545  Vaults (4/5) D:13 Zot: 18277
  Crypt (1/3) Vaults:2 Zot: 5852  Depths (4/4) D:15 Zot: 19409     Zot (0/5) Depths:4
  IceCv (visited)          WizLab (visited)         Gauntlet (visited)

Altars:
Ashenzari
Cheibriados
Dithmenos
Elyvilon
Fedhas
Gozag
Kikubaaqudgha
Okawaru
Qazlal
Ru
Sif Muna
Trog
Uskayaw
Vehumet
Wu Jian
Xom
Yredelemnul
Zin
The Shining One
Lugonu

Shops:
D:7 ?   Orc:1 ![[!   Orc:2 =*[?   Elf:2 (   Shoals:1 ?   Snake:3 (   Vaults:3 (
Vaults:4 (

Portals:
Hell: Depths:1 Depths:2 Depths:3 Depths:4
Abyss: Depths:1 Depths:2 Depths:3
Pandemonium: Depths:2 Depths:4
Ziggurat: Depths:2
Trove: Elf:3 (give +5 demon blade)

Annotations:
D:3 3 runed translucent doors, purpskrrrp's ghost, weakling VSBr
Shoals:2 2 runed translucent doors, Roxanne
Shoals:3 1 runed translucent door
Elf:2 3 runed translucent doors
Vaults:2 3 runed translucent doors
Crypt:1 Grunn

####.'.## ##...8#
,,.....'.8# #8.⌠..#
#########°W.##
*#<..8#
.W.W°#.1.W#W##
##...##
#####.....#..# #8..8#
#......}##W## ##°.##
#.....#.##W.#####°°8#
#...###.##8.W#°#°°°##
#...###.####.☼@°°###
........# #######
#####.# , #.# , * ###
, , *


You could see 3 putrid mouths.


Message History

Okay, then.
Really walk into that cloud of foul pestilence?
Okay, then.
Okay, then.
Really walk into that cloud of foul pestilence?
Okay, then.
Unknown command.
You feel much better. The putrid mouth throws miasma at you.
The foul vapour engulfs the putrid mouth.
The putrid mouth completely resists.
You block the putrid mouth's attack. x2
Unknown command.
Unknown command.
Okay, then.
The putrid mouth attacks as you move away!
You block the putrid mouth's attack. x2
The putrid mouth howls a warning cry!
The putrid mouth throws miasma at you.
The foul vapour engulfs the putrid mouth.
The putrid mouth completely resists.
Unknown command.
The putrid mouth attacks as you move away!
You block the putrid mouth's attack. x2
You are engulfed in dark miasma.
You feel as though you will be slow longer.
The putrid mouth howls a warning cry!
The putrid mouth completely misses you. The putrid mouth misses you.
Unknown command.
The putrid mouth howls a warning cry!
You hear a bark!
Unknown command.
The putrid mouth attacks as you move away!
You block the putrid mouth's attack. x2
The putrid mouth throws miasma at you.
The foul vapour engulfs the putrid mouth.
The putrid mouth completely resists.
The putrid mouth throws miasma at you. The foul vapour misses you.
Unknown command.
The putrid mouth attacks as you move away!
You block the putrid mouth's attack. x2
You are engulfed in dark miasma.
You are poisoned.
You feel as though you will be slow longer.
You feel extremely sick.
You feel extremely sick. The putrid mouth throws miasma at you.
The foul vapour misses you.
Unknown command.
You are engulfed in dark miasma.
You are more poisoned.
You feel as though you will be slow longer.
You feel extremely sick.
The putrid mouth howls a warning cry!
You hear a shout! x2
There is an open gate here.
You feel extremely sick.
The Tzitzimitl calls on the powers of darkness!
Your body is wracked with pain!
* * * LOW HITPOINT WARNING * * *
Unknown command.
Really read
B - 3 scrolls of blinking {!r}?
Blink to where?
Press: ? - help, Dir - move target
As you read the scroll of blinking {!r}, it crumbles to dust.
You feel very sick. The putrid mouth throws miasma at you.
The foul vapour engulfs you.
You are lethally poisoned!
* * * LOW HITPOINT WARNING * * *
Unknown command.
Okay, then.
Unknown command.
You feel much better.
You are engulfed in dark miasma.
* * * LOW HITPOINT WARNING * * *
x2 You feel extremely sick.
The putrid mouth howls a warning cry!
You hear a bark!
Unknown command.
Okay, then.
Okay, then.
Really read
B - 2 scrolls of blinking {!r}?
Blink to where?
Press: ? - help, Dir - move target
As you read the scroll of blinking {!r}, it crumbles to dust.
* * * LOW HITPOINT WARNING * * *
You feel extremely sick.
Unknown command.
You feel better. The putrid mouth throws miasma at you.
The foul vapour misses you.
Unknown command.
Unknown command.
Unknown command.
You feel yourself speed up.
You are engulfed in dark miasma.
You are poisoned.
You feel as though you will be slow longer.
You die...

Skill      XL: |  1  2  3  4  5  6  7  8  9 10 11 12 13 14 15 16 17 18 19 20 21 22 23 24 |
---------------+-------------------------------------------------------------------------+-----
Stealth        | 1 2 3 4 5 6 7 9 11 13 15 16 17 18 20 21 24 | 24.0
Fighting       | 3 4 5 6 7 8 11 14 15 | 15.8
Short Blades   | 5 6 7 8 9 11 13 14 | 14.0
Dodging        | 4 6 7 8 10 14 16 18 19 21 22 24 25 26 | 26.4
Invocations    | 2 3 5 7 10 12 14 15 16 | 16.0
Armour         | 3 6 7 8 10 | 10.0
Shields        | 4 7 8 10 12 16 18 | 18.3
Throwing       | |  2.1

Action                   |  1- 3 |  4- 6 |  7- 9 | 10-12 | 13-15 | 16-18 | 19-21 | 22-24 | 25-27 || total
-------------------------+-------+-------+-------+-------+-------+-------+-------+-------+-------++-------
Melee: Rapier            |    63 |   115 |   128 |   385 |   813 |  1136 |  1351 |  1673 |   116 ||  5780
       Punch             |       |     2 |       |     6 |     1 |       |       |       |       ||     9
Invok: Line Pass         |       |     2 |     5 |     5 |    12 |     1 |     6 |     2 |     1 ||    34
       Grand Finale      |       |       |       |       |       |     1 |     3 |     7 |     2 ||    13
  Use: Scroll            |       |     9 |    10 |     8 |     9 |     4 |     4 |    10 |     4 ||    58
       Potion            |       |       |     4 |       |       |       |     6 |     6 |     4 ||    20
 Stab: Sleeping          |    17 |    16 |    16 |    44 |    98 |    89 |    90 |    95 |     3 ||   468
       Paralysed         |       |     1 |     3 |    29 |    55 |    75 |    96 |   115 |     6 ||   380
       Confused          |       |     1 |       |     5 |    10 |     1 |     5 |     2 |       ||    24
       Distracted        |       |       |     2 |     3 |     8 |    10 |    14 |    16 |     1 ||    54
       Invisible         |       |       |     1 |       |       |       |       |       |       ||     1
Armor: Leather armour    |    13 |    20 |    22 |       |       |       |       |       |       ||    55
       Acid dragon scale |       |       |     4 |    19 |       |       |       |       |       ||    23
       Troll leather arm |       |       |       |    23 |    38 |    61 |    39 |   107 |     4 ||   272
Dodge: Dodged            |    32 |    84 |    75 |   323 |   400 |   546 |   570 |   982 |    74 ||  3086
Block: Buckler           |       |       |       |       |   139 |   231 |   462 |   706 |       ||  1538
       Reflection        |       |       |       |       |       |       |    55 |     7 |     2 ||    64
       Kite shield       |       |       |       |       |       |       |       |       |    95 ||    95

Levels and vault maps discovered:
D:1:      ebering_trefoil_3fold, layout_basic, minivault_25
D:2:      layout_loops_corners, basic_altar, grunt_decor_cap
D:3:      layout_loops_ring, nicolae_overflows_in_rows, gammafunk_ghost_split,
          ebering_ecumenical_altar_webs
D:4:      layout_basic, minmay_temple_entry_arrows, wad_floor_pattern_untrapped,
          serial_bayou_crossing
D:5:      layout_loops_ring
D:6:      layout_loops_corners
D:7:      nicolae_cairo_tiling_very_big, layout_basic, serial_shops, shop
D:8:      layout_rooms, minmay_diced_spiral, uniq_maggie
D:9:      layout_basic, erik_lair_island, orc_0_dummy, item_on_display_a,
          uniq_erica
D:10:     layout_roguey
D:11:     layout_loops_ring
D:12:     layout_long_grid, serial_co_window_serial, co_window_of_opportunity_a,
          co_window_of_opportunity_a, co_window_cross_1,
          co_window_of_opportunity_a, co_window_paths_b, co_window_2corner,
          co_window_broadway_b, co_window_unsneaky_path_b, co_window_corner_b,
          co_window_broadway_c, co_window_unsneaky_path_a, co_window_cross_3,
          glass_columns_c, glass_columns_a, glass_columns_a, glass_columns_b
D:13:     layout_cave_pools, erik_vaults_1, okawaru_altar_gauntlet_db
D:14:     layout_basic, gammafunk_ghost_smash, nicolae_water_bricks,
          hangedman_abyss_or_decor_slice
D:15:     hangedman_depths_entry_civil_slaughter, layout_basic,
          nicolae_two_hexagons, lightli_fourway_metalbox, uniq_rupert
Temple:   kb_temple_of_zot
Lair:1:   layout_loops_ring, grunt_megastairs_1, infiniplex_staircase_pool_2,
          lemuel_fruit_fields, lemuel_fruit_fields
Lair:2:   layout_concentric_octagons, elwin_shoals_entry_stream,
          beast_lair_carwin_6, lemuel_fruit_fields, grunt_megastairs_3,
          uniq_fannar, uniq_gastronok
Lair:3:   pond_and_an_island_with_a_cottage, layout_regular_city,
          minmay_snake_entry_guardpost_small, gauntlet_entry_generic
Lair:4:   layout_gridlike, grunt_forest_large_clearings,
          infiniplex_staircase_pool, uniq_kirke
Lair:5:   hangedman_lair_tendril_chambers, layout_layer_cave,
          dpeg_slime_entry_corner, basic_altar, uniq_urug
Shoals:1: layout_shoals, serial_shops, nicolae_diamond_shop, uniq_josephine,
          uniq_donald
Shoals:2: layout_shoals, ebering_ghost_disaster_area, uniq_roxanne, uniq_louise
Shoals:3: cheibrodos_shoals_satyrical_garden, layout_shoals, lightli_airlock
Shoals:4: shoals_end_hellmonk_lost_city, serial_shops
Snake:1:  layout_onion_interference, lemuel_fruit_tree
Snake:2:  layout_misc_corridors, nicolae_snake_gridmaze_zigzag
Snake:3:  cheibrodos_forgotten_conduit, layout_misc_corridors, serial_shops,
          nicolae_shop_waterfront, drop_trap, uniq_aizul
Snake:4:  minmay_snake_end_coiled, layout_misc_corridors, nicolae_snake_shapes
Orc:1:    layout_caves, serial_shops, nicolae_diamond_shop,
          nicolae_shop_waterfront, shop, shop, nicolae_orc_stony_grotto
Orc:2:    st_orc_mages, layout_diamond_mine, basic_altar
Elf:1:    elf_arrival_002, layout_onion_city, minmay_elf_sorcery,
          nicolae_elf_theology_debate, uniq_jorgrun
Elf:2:    nicolae_elf_blades_splatter_lattice [nicolae_blade_entry_pointy_end],
          layout_rooms, portal_ice_cave_entry_frozen_things,
          nicolae_shop_firing_range, grunt_megastairs_5
Elf:3:    elf_hall_gauntlet_wide, layout_geoelf_diagonals,
          nicolae_trove_entry_crossroad, dreamdust_mushroom_princess
Vaults:1: dpeg_vaults_monster_box, v_pattern_1, vaults_room_stairs_pillars,
          grunt_vaults_focal, grunt_vaults_trifunnel,
          nicolae_vaults_big_angled_halls, ontoclasm_vaults_claustrophobia,
          vaults_room_guarded_vault, vaults_mumra_minichess_inversion,
          ontoclasm_vaults_tryst, v_misc_16, vaults_room_stairs_pillars,
          v_misc_3, hangedman_vaults_impose, ontoclasm_vaults_decontamination,
          hangedman_vaults_restitches, layout_vaults_omnibox
Vaults:2: ploomutoo_gammafunk_ghost_potion_laboratory,
          minmay_crypt_entry_necro_gods, nicolae_vaults_hallways_thing,
          v_rooms_1, v_alt_pattern_3, v_misc_24, ontoclasm_vaults_pinch,
          vaults_dpeg_emergency_exit, hangedman_vaults_pinch, v_misc_27,
          v_misc_18, nicolae_vaults_mini_display_case, ontoclasm_vaults_spin,
          nicolae_vaults_rhombus_5, layout_vaults_ring
Vaults:3: vaults_room_door_ring, nicolae_vaults_angled_halls,
          nicolae_vaults_what_the_h, ontoclasm_vaults_bender, v_misc_25,
          v_misc_28, st_octagons_2, v_misc_11,
          nicolae_vaults_stairing_the_circle, v_alt_pattern_5,
          vaults_room_large_hall, vaults_room_fancy_cross, vaults_dpeg_cross,
          vaults_mumra_hexcomb, vaults_dpeg_encased_lava, layout_vaults_maze,
          serial_shops, nicolae_shop_window_shopping
Vaults:4: v_misc_17, v_misc_2, ontoclasm_vaults_ring_small,
          nicolae_vaults_rhombus_6, vaults_dpeg_hooks,
          layout_vaults_chaotic_city, serial_shops, nicolae_shop_window_shopping
Crypt:1:  layout_misc_corridors, minivault_4, grunt_crypt_arrival_split,
          uniq_sojobo, uniq_grunn, uniq_boris
Depths:1: layout_cave_pools, minmay_misc_feat_cross, grunt_mini_vestibule,
          abyss_entry_flame_altar, chequers_hall_statues_wall_a,
          chequers_serial_rivers_room_b
Depths:2: minmay_haunted_quarter, layout_basic, enter_ziggurat_a, pan_entry,
          hell_entry, abyss_entry_small_statue_room, fedhas_altar_2,
          serial_bayou_shore_b
Depths:3: nzn_winding_woodlands_three_and_one
          [nzn_winding_woodlands_5x15_jagged, nzn_winding_woodlands_5x15_twine,
          nzn_winding_woodlands_5x15_pool,
          nzn_winding_woodlands_center_diamonds], layout_small_grid,
          serial_glass, glass_columns_a, glass_columns_c,
          minmay_strange_pillars, minmay_strange_pillars, hell_entry,
          abyss_entry, infiniplex_enter_wizlab_spiral, tgw_xom
Depths:4: grunt_zot_entry_bicorn, layout_twisted_cross, hell_entry, pan_entry,
          corexii_leaking_fountain, minmay_fractal_squares_diagonal_5, uniq_jory

Notes
Turn   | Place    | Note
-------+----------+-------------------------------------------
     0 | D:1      | Sobieck the Kobold Gladiator began the quest for the Orb.
     0 | D:1      | Reached XP level 1. HP: 12/12 MP: 1/1
   223 | D:1      | Reached skill level 1 in Stealth
   280 | D:1      | Reached XP level 2. HP: 18/18 MP: 2/2
   651 | D:1      | Reached XP level 3. HP: 16/22 MP: 3/3
   916 | D:1      | Reached skill level 2 in Stealth
  1386 | D:2      | Reached skill level 3 in Fighting
  1634 | D:2      | Found an ornate altar of the Wu Jian Council.
  1777 | D:2      | You pick up a book of Burglary and begin reading...
  1777 | D:2      | You add the spells Passwall, Ensorcelled Hibernation and
                  | Swiftness to your library.
  2407 | D:3      | Reached skill level 5 in Short Blades
  2407 | D:3      | Reached XP level 4. HP: 28/28 MP: 4/4
  2413 | D:3      | Reached skill level 3 in Stealth
  2546 | D:3      | Found a runed translucent gate.
  2548 | D:3      | Found a runed translucent gate.
  2652 | D:3      | Found a faded altar of an unknown god.
  2715 | D:3      | Reached XP level 5. HP: 32/32 MP: 5/5
  2849 | D:3      | Noticed purpskrrrp's ghost (weakling VSBr)
  2855 | D:3      | Found a runed translucent gate.
  3208 | D:3      | Found a snail-covered altar of Cheibriados.
  3208 | D:3      | Found a shimmering altar of Xom.
  3209 | D:3      | Found a shimmering blue altar of Sif Muna.
  3210 | D:3      | Found a glowing silver altar of Zin.
  3211 | D:3      | Found a radiant altar of Vehumet.
  3211 | D:3      | Found a blossoming altar of Fedhas.
  3212 | D:3      | Found a sacrificial altar of Ru.
  3213 | D:3      | Found a basalt altar of Yredelemnul.
  3213 | D:3      | Found a hide-covered altar of Uskayaw.
  3214 | D:3      | Found a shadowy altar of Dithmenos.
  3215 | D:3      | Found a bloodstained altar of Trog.
  3215 | D:3      | Found a glowing golden altar of the Shining One.
  3216 | D:3      | Found an iron altar of Okawaru.
  3218 | D:3      | Became a worshipper of Uskayaw the Reveller
  3477 | D:4      | Found a staircase to the Ecumenical Temple.
  3496 | Temple   | Entered the Ecumenical Temple
  3644 | D:4      | Reached * piety under Uskayaw
  3716 | D:4      | Reached skill level 4 in Dodging
  3719 | D:4      | Reached ** piety under Uskayaw
  3852 | D:4      | Reached skill level 4 in Stealth
  3852 | D:4      | Reached XP level 6. HP: 31/38 MP: 6/6
  4136 | D:4      | Reached skill level 4 in Fighting
  4304 | D:4      | Identified a scroll of acquirement
  4304 | D:4      | Acquired the ring of the Solstice {Drain rElec rPois rC+++
                  | Slay+4}
  4327 | D:5      | Entered Level 5 of the Dungeon
  4351 | D:5      | Noticed a black bear
  4357 | D:5      | Killed a black bear
  4358 | D:5      | Reached skill level 6 in Short Blades
  4358 | D:5      | Reached skill level 5 in Dodging
  4436 | D:5      | Reached *** piety under Uskayaw
  4439 | D:5      | Reached **** piety under Uskayaw
  4562 | D:5      | Reached skill level 6 in Dodging
  4562 | D:5      | Reached skill level 5 in Stealth
  4562 | D:5      | Reached XP level 7. HP: 43/43 MP: 2/7
  4898 | D:5      | Reached skill level 1 in Invocations
  5380 | D:6      | Reached skill level 7 in Short Blades
  5380 | D:6      | Reached skill level 7 in Dodging
  5600 | D:6      | Reached skill level 6 in Stealth
  5600 | D:6      | Reached skill level 2 in Invocations
  5600 | D:6      | Reached XP level 8. HP: 44/48 MP: 9/9
  6202 | D:6      | HP: 8/48 [orc priest/divine providence (13)]
  6210 | D:6      | Reached ***** piety under Uskayaw
  6216 | D:6      | Reached skill level 3 in Invocations
  6293 | D:6      | Reached skill level 8 in Dodging
  6421 | D:7      | Reached skill level 7 in Stealth
  6510 | D:7      | Reached skill level 5 in Fighting
  6626 | D:7      | Reached skill level 8 in Short Blades
  6626 | D:7      | Reached XP level 9. HP: 54/54 MP: 11/11
  6809 | D:7      | You pick up a book of Flames and begin reading...
  6809 | D:7      | You add the spells Inner Flame, Sticky Flame and Flame Wave
                  | to your library.
  7017 | D:7      | Reached skill level 9 in Dodging
  7017 | D:7      | Reached skill level 4 in Invocations
  7207 | D:7      | Found Dait's Magic Scroll Boutique.
  7796 | D:8      | Noticed Maggie
  7811 | D:8      | Killed Maggie
  7812 | D:8      | Reached skill level 8 in Stealth
  7896 | D:8      | Reached skill level 6 in Fighting
  7903 | D:8      | Reached skill level 10 in Dodging
  7905 | D:8      | Reached skill level 9 in Short Blades
  7905 | D:8      | Reached skill level 5 in Invocations
  8284 | D:9      | Noticed a hornet
  8288 | D:9      | Killed a hornet
  8289 | D:9      | Reached skill level 9 in Stealth
  8289 | D:9      | Reached XP level 10. HP: 61/61 MP: 12/14
  8315 | D:9      | Noticed Erica
  8325 | D:9      | Killed Erica
  8326 | D:9      | Reached skill level 7 in Fighting
  8326 | D:9      | Reached skill level 6 in Invocations
  8515 | D:9      | Reached skill level 10 in Short Blades
  8711 | D:9      | Reached skill level 10 in Stealth
  8755 | D:9      | Identified the +0 ring mail "Afipeg" {rPois rC++}
  8768 | D:9      | Found a staircase to the Orcish Mines.
  9171 | D:9      | Reached skill level 7 in Invocations
  9405 | D:9      | Reached skill level 11 in Short Blades
  9405 | D:9      | Reached skill level 11 in Stealth
  9432 | D:9      | Found a staircase to the Lair.
  9450 | D:10     | Entered Level 10 of the Dungeon
  9578 | D:10     | You add the spells Stone Arrow, Leda's Liquefaction and
                  | Borgnjor's Vile Clutch to your library.
  9578 | D:10     | Got the Vellum of Earth
  9662 | D:10     | Reached XP level 11. HP: 67/67 MP: 16/16
  9719 | D:10     | You pick up a book of Annihilations and begin reading...
  9719 | D:10     | You add the spells Chain Lightning, Fire Storm and Shatter
                  | to your library.
  9869 | D:10     | Reached skill level 8 in Invocations
  9994 | D:10     | Noticed a two-headed ogre
  9998 | D:10     | Killed a two-headed ogre
  9999 | D:10     | Reached skill level 12 in Stealth
 10172 | D:10     | Reached skill level 12 in Short Blades
 10249 | D:11     | Noticed a two-headed ogre
 10252 | D:11     | Killed a two-headed ogre
 10379 | D:11     | Noticed a cyclops
 10382 | D:11     | Killed a cyclops
 10383 | D:11     | Reached skill level 9 in Invocations
 10437 | D:11     | Noticed an entropy weaver
 10448 | D:11     | Killed an entropy weaver
 10449 | D:11     | Reached skill level 13 in Stealth
 10805 | D:11     | Reached skill level 13 in Short Blades
 11208 | Lair:1   | Entered Level 1 of the Lair of Beasts
 11229 | Orc:1    | Entered Level 1 of the Orcish Mines
 11239 | Orc:1    | Noticed an orc high priest
 11252 | D:9      | Killed an orc high priest
 11253 | D:9      | Reached skill level 10 in Invocations
 11253 | D:9      | Reached XP level 12. HP: 72/72 MP: 19/19
 11272 | Orc:1    | Reached ****** piety under Uskayaw
 11274 | Orc:1    | Reached skill level 14 in Short Blades
 11519 | D:7      | Bought a scroll of acquirement for 676 gold pieces
 11519 | D:7      | Acquired a +5 rapier of speed
 11880 | Lair:1   | Reached skill level 11 in Dodging
 12100 | Lair:1   | Reached skill level 14 in Stealth
 12119 | Lair:1   | Reached skill level 12 in Dodging
 12440 | Lair:2   | Noticed Fannar
 12441 | Lair:2   | Killed Fannar
 12572 | Lair:2   | Reached skill level 13 in Dodging
 12572 | Lair:2   | Noticed Gastronok
 12572 | Lair:2   | Gastronok is wearing the +3 hat of Pondering {ponderous,
                  | Will+ MP+10 Int+5}.
 12588 | Lair:2   | Aim: Gastronok, wearing the +3 hat of Pondering {ponderous,
                  | Will+ MP+10 Int+5} (heavily wounded, sharing his pain)
 12592 | Lair:2   | Killed Gastronok
 12593 | Lair:2   | Reached skill level 15 in Stealth
 12656 | Lair:2   | Reached skill level 14 in Dodging
 12784 | Lair:2   | Reached XP level 13. HP: 76/76 MP: 20/20
 12869 | Lair:2   | Found a staircase to the Shoals.
 12883 | Lair:2   | Reached skill level 15 in Dodging
 12904 | Lair:2   | Reached skill level 16 in Stealth
 13076 | Lair:2   | You pick up a book of Blood and begin reading...
 13076 | Lair:2   | You add the spells Sublimation of Blood, Wereblood and
                  | Summon Hydra to your library.
 13336 | Lair:2   | Reached skill level 16 in Dodging
 13504 | Lair:3   | Found a staircase to the Snake Pit.
 13548 | Lair:3   | Reached skill level 1 in Armour
 13762 | Lair:3   | Found a gate leading to a gauntlet.
 13769 | Gauntlet | Entered a Gauntlet
 13769 | Gauntlet | Found a transporter.
 13775 | Gauntlet | Found a transporter.
 13775 | Gauntlet | Noticed a catoblepas
 13793 | Gauntlet | Found a transporter.
 13793 | Gauntlet | Found a transporter.
 13793 | Gauntlet | Noticed a ghost crab
 13811 | Gauntlet | Found a transporter.
 13825 | Gauntlet | Found a transporter.
 13838 | Gauntlet | Found a transporter.
 13848 | Gauntlet | Noticed a cacodemon
 13864 | Gauntlet | Found a transporter.
 13864 | Gauntlet | Found a transporter.
 13876 | Gauntlet | Found a transporter.
 13900 | Gauntlet | Found a transporter.
 13900 | Gauntlet | Found a transporter.
 13902 | Gauntlet | Noticed a ghost crab
 14034 | Gauntlet | Noticed a dire elephant
 14245 | Lair:3   | Reached skill level 2 in Armour
 14549 | Lair:3   | Reached skill level 1 in Shields
 14878 | Lair:4   | Reached skill level 2 in Shields
 14881 | Lair:4   | Reached skill level 3 in Armour
 14892 | Lair:4   | Noticed a four-headed hydra
 14908 | Lair:4   | Killed a four-headed hydra
 14928 | Lair:4   | Reached skill level 3 in Shields
 15109 | Lair:4   | Noticed Kirke
 15142 | Lair:4   | Killed Kirke
 15143 | Lair:4   | Reached skill level 4 in Shields
 15143 | Lair:4   | Reached XP level 14. HP: 56/83 MP: 21/21
 15224 | Lair:4   | Reached skill level 4 in Armour
 15461 | Lair:4   | Reached skill level 5 in Shields
 15896 | Lair:5   | Entered Level 5 of the Lair of Beasts
 15919 | Lair:5   | Reached skill level 6 in Shields
 15924 | Lair:5   | Reached skill level 5 in Armour
 16162 | Lair:5   | Found a staircase to the Slime Pits.
 16243 | Lair:5   | Noticed Urug
 16259 | Lair:5   | Killed Urug
 16282 | Lair:5   | n - a +1 eveningstar of freezing {macerare=g}
 16428 | Lair:5   | Reached skill level 7 in Shields
 16492 | Lair:5   | Reached skill level 6 in Armour
 16700 | Lair:5   | Reached skill level 8 in Fighting
 16896 | Lair:5   | Found a radiant altar of Vehumet.
 17932 | D:12     | You pick up a book of Vapours and begin reading...
 17932 | D:12     | You add the spells Poisonous Vapours, Cigotuvi's Dreadful
                  | Rot and Mephitic Cloud to your library.
 18040 | D:12     | Reached skill level 17 in Stealth
 18234 | D:12     | Reached XP level 15. HP: 89/89 MP: 22/22
 18786 | D:13     | You drop a +1 eveningstar of freezing {macerare=g}.
 18793 | D:13     | n - a +1 eveningstar of freezing {macerare=g}
 18955 | D:13     | You pick up a book of Debilitation and begin reading...
 18955 | D:13     | You add the spells Slow, Vampiric Draining and Confusing
                  | Touch to your library.
 18995 | D:13     | Reached skill level 9 in Fighting
 19043 | D:13     | Reached skill level 7 in Armour
 19129 | D:13     | Identified the +1 ring mail "Zabafar" {Str+4}
 19154 | D:13     | Reached skill level 17 in Dodging
 19196 | D:13     | Found an iron altar of Okawaru.
 19213 | D:13     | Found a gate to the Vaults.
 19332 | D:14     | Found a transporter.
 19356 | D:14     | Identified the +7 short sword of Instinct {vamp, rPois}
 19611 | D:14     | You pick up a book of Cantrips and begin reading...
 19611 | D:14     | You add the spells Necrotise, Summon Small Mammal and
                  | Apportation to your library.
 19813 | D:14     | Reached skill level 18 in Stealth
 19886 | D:14     | You fall into a shaft and drop 1 floor!
 19886 | D:15     | Entered Level 15 of the Dungeon
 19919 | D:15     | You pick up a book of the Hunter and begin reading...
 19919 | D:15     | You add the spells Call Canine Familiar and Portal
                  | Projectile to your library.
 20024 | D:15     | Reached skill level 10 in Fighting
 20130 | D:14     | Found a transporter.
 20133 | D:14     | Noticed LnG's ghost (journeyman KoSu)
 20363 | D:15     | Found a staircase to the Depths.
 20576 | D:15     | Identified the ring "Coto" {rF+ rCorr Int+4}
 20617 | D:15     | Reached skill level 18 in Dodging
 20645 | D:15     | Reached skill level 11 in Fighting
 20645 | D:15     | Reached XP level 16. HP: 100/100 MP: 19/23
 20734 | D:15     | Reached skill level 19 in Stealth
 20869 | D:15     | You pick up a book of Changes and begin reading...
 20869 | D:15     | You add the spells Beastly Appendage and Spider Form to
                  | your library.
 21286 | D:15     | Noticed Rupert
 21290 | D:15     | Killed Rupert
 21292 | D:15     | a +0 executioner's axe of freezing {axerare=g}; a +0 chain
                  | mail; the human corpse of Rupert
 21292 | D:15     | a +0 executioner's axe of freezing {axerare=g}; a +0 chain
                  | mail; the human corpse of Rupert
 21292 | D:15     | Could not pick up a +0 executioner's axe of freezing
                  | {axerare=g} here; ([A]lways) ignore it?
 21964 | Orc:1    | Found Unischu's Armour Emporium.
 21972 | Orc:1    | Bought a +0 pair of gloves of infusion for 184 gold pieces
 22114 | Orc:1    | Found Yczae's Distillery.
 22167 | Orc:1    | Found Udghafeih's Distillery.
 22249 | Orc:1    | Found Dyimomom's Antique Armour Shoppe.
 22384 | Orc:2    | Entered Level 2 of the Orcish Mines
 22413 | Orc:2    | Found a staircase to the Elven Halls.
 22932 | Orc:2    | Reached skill level 12 in Fighting
 23553 | Orc:2    | Found Suojiahi's Jewellery Shop.
 23554 | Orc:2    | Found Tamecry's Assorted Antiques.
 23556 | Orc:2    | Found Lubioss's Magic Scroll Boutique.
 23556 | Orc:2    | Found Liucwuev's Antique Armour Boutique.
 23615 | Orc:2    | Identified a +2 robe of the Archmagi
 23877 | Snake:1  | Entered Level 1 of the Snake Pit
 23899 | Snake:1  | Reached skill level 20 in Stealth
 23924 | Snake:1  | You pick up a book of Touch and begin reading...
 23924 | Snake:1  | You add the spells Kiss of Death and Dispel Undead to your
                  | library.
 24380 | Snake:1  | Reached skill level 13 in Fighting
 24936 | Snake:2  | Reached skill level 14 in Fighting
 25557 | Snake:3  | Found Guvolye's Weapon Emporium.
 25615 | Snake:3  | Noticed Aizul
 25618 | Snake:3  | Killed Aizul
 25674 | Snake:3  | Reached XP level 17. HP: 111/111 MP: 22/24
 26833 | Snake:4  | Entered Level 4 of the Snake Pit
 26928 | Snake:4  | Reached skill level 11 in Invocations
 27183 | Snake:4  | Reached skill level 8 in Armour
 28273 | Snake:4  | Reached skill level 21 in Stealth
 28302 | Snake:4  | Reached skill level 15 in Fighting
 28461 | Snake:4  | Reached skill level 19 in Dodging
 28627 | Snake:4  | Reached skill level 12 in Invocations
 28627 | Snake:4  | Reached XP level 18. HP: 110/119 MP: 14/27
 29002 | Snake:4  | Got a serpentine rune of Zot
 29228 | Elf:1    | Entered Level 1 of the Elven Halls
 29290 | Elf:1    | Reached skill level 22 in Stealth
 29621 | Elf:1    | You drop a +1 eveningstar of freezing {macerare=g}.
 29622 | Elf:1    | n - a +1 eveningstar of freezing {macerare=g}
 29623 | Elf:1    | You drop a +1 eveningstar of freezing {macerare=g}.
 29625 | Elf:1    | Could not pick up a +1 eveningstar of freezing {macerare=g}
                  | here; ([A]lways) ignore it?
 30053 | Elf:1    | Reached skill level 23 in Stealth
 30242 | Elf:1    | Noticed Jorgrun
 30246 | Elf:1    | Killed Jorgrun
 30763 | Elf:1    | Reached skill level 24 in Stealth
 30771 | Elf:1    | HP: 23/119 [orc knight/+2 great sword (34)]
 31124 | Elf:1    | Found a corrupted altar of Lugonu.
 31372 | Elf:1    | You add the spells Static Discharge and Animate Armour to
                  | your library.
 31372 | Elf:1    | Got Piostrime's Catalogue of Congregated Battling
 31508 | Elf:2    | Found a frozen archway.
 31602 | IceCv    | Entered an ice cave
 32031 | IceCv    | Found an ancient bone altar of Kikubaaqudgha.
 32046 | IceCv    | Reached XP level 19. HP: 124/124 MP: 17/28
 32382 | IceCv    | Noticed a lich
 32390 | IceCv    | Killed a lich
 32391 | IceCv    | Reached skill level 9 in Armour
 32392 | IceCv    | Reached skill level 13 in Invocations
 32429 | IceCv    | You add the spells Ozocubu's Armour and Ozocubu's
                  | Refrigeration to your library.
 32465 | IceCv    | Identified the ring "Talaxor" {rN+ Dex+7}
 32888 | Orc:1    | Bought distressingly furry fire dragon scales for 1560 gold
                  | pieces
 32888 | Orc:1    | Identified the +5 fire dragon scales of Moral Flaws {rF++
                  | rC- Int+6} (You bought it in a shop on level 1 of the
                  | Orcish Mines)
 33077 | Elf:2    | Found Buatzukkym's Firing Range.
 33172 | Elf:2    | Reached skill level 20 in Dodging
 33310 | Elf:2    | Found a runed translucent gate.
 33310 | Elf:2    | Found a runed translucent gate.
 33311 | Elf:2    | Found a runed translucent gate.
 33521 | Elf:3    | Entered Level 3 of the Elven Halls
 33698 | Elf:3    | Found a portal to a secret trove of treasure.
 33703 | Elf:3    | This trove needs a +5 demon blade to function. Give it the
                  | item?
 34366 | Elf:3    | Reached skill level 14 in Invocations
 34459 | Elf:3    | Reached skill level 10 in Armour
 34854 | Elf:3    | You are cast into the Abyss!
 34854 | Abyss:2  | Cast into level 2 of the Abyss (a deep elf sorcerer)
 35077 | Abyss:2  | Found a burning altar of Makhleb.
 35106 | Abyss:2  | Reached skill level 21 in Dodging
 35108 | Abyss:2  | Gained mutation: You have large cloven feet. [a neqoxec]
 35116 | Abyss:2  | Gained mutation: You are occasionally teleported next to
                  | monsters. [a neqoxec]
 35332 | Abyss:2  | Reached XP level 20. HP: 104/129 MP: 30/30
 35417 | Elf:3    | You pass through the gate.
 35417 | Elf:3    | Escaped the Abyss
 35498 | Elf:1    | Lost mutation: You are occasionally teleported next to
                  | monsters. [potion of mutation]
 35498 | Elf:1    | Lost mutation: You have large cloven feet. [potion of
                  | mutation]
 35498 | Elf:1    | Gained mutation: You passively map a small area around you.
                  | [potion of mutation]
 35498 | Elf:1    | Gained mutation: You have sharp toenails. [potion of
                  | mutation]
 35790 | Shoals:1 | Entered Level 1 of the Shoals
 36018 | Shoals:1 | Reached skill level 22 in Dodging
 36052 | Shoals:1 | Found Kahiamoi's Magic Scroll Shop.
 36187 | Shoals:1 | Noticed Donald
 36203 | Shoals:1 | Killed Donald
 36455 | Shoals:1 | Noticed Josephine
 36482 | Shoals:1 | Killed Josephine
 36598 | Shoals:2 | Noticed Louise
 36602 | Shoals:2 | Killed Louise
 36604 | Shoals:2 | Could not pick up a +2 eveningstar of holy wrath
                  | {macerare=g} here; ([A]lways) ignore it?
 36685 | Shoals:2 | Found a large runed translucent door.
 36727 | Shoals:2 | Found a large runed translucent door.
 37045 | Shoals:2 | Noticed Roxanne
 37153 | Shoals:2 | You pick up a book of the Hunter and begin reading...
 37575 | Shoals:1 | Bought a scroll of blinking for 135 gold pieces
 37747 | Shoals:3 | You pick up a book of the Wilderness and begin reading...
 37747 | Shoals:3 | You add the spells Summon Forest, Summon Mana Viper and
                  | Summon Cactus Giant to your library.
 38146 | Shoals:3 | Found a runed translucent door.
 38465 | Shoals:3 | Reached skill level 8 in Shields
 38531 | Shoals:4 | Entered Level 4 of the Shoals
 38745 | Shoals:4 | You pick up a book of Dangerous Friends and begin
                  | reading...
 38745 | Shoals:4 | You add the spells Summon Guardian Golem, Orb of
                  | Destruction and Spellforged Servitor to your library.
 38773 | Shoals:4 | Reached skill level 15 in Invocations
 38793 | Shoals:4 | HP: 22/129 [faun/+0 club (91)]
 38794 | Shoals:4 | HP: 5/129 [alligator snapping turtle (36)]
 39060 | Shoals:4 | Reached XP level 21. HP: 134/134 MP: 32/32
 39143 | Shoals:4 | Reached skill level 23 in Dodging
 39225 | Shoals:4 | You pick up a book of Ice and begin reading...
 39225 | Shoals:4 | You add the spells Freezing Cloud, Simulacrum and Polar
                  | Vortex to your library.
 39227 | Shoals:4 | Got a barnacled rune of Zot
 39275 | Shoals:4 | HP: 16/134 [water nymph/the raging water (46)]
 39978 | Elf:3    | Reached skill level 9 in Shields
 40084 | Elf:3    | P - a +0 quick blade {shortrare=g}
 40087 | Elf:3    | Could not pick up a +0 quick blade {shortrare=g} here;
                  | ([A]lways) ignore it?
 40132 | Elf:3    | Identified a +1 crystal plate armour
 40133 | Elf:3    | Identified the +7 mace "Deamogh" {pain, rElec Stlth+}
 40134 | Elf:3    | Identified the +10 mace "Faeses" {vorpal, rElec}
 40249 | Elf:3    | a +0 rapier {short}; a +0 rapier {short}; a +1 crystal
                  | plate armour {rare=g}
 40378 | Elf:3    | Identified the +7 war axe of the Fortifying Hero {protect,
                  | *Noise rF+ rC+ Str+3}
 40491 | Elf:3    | Identified the +0 scale mail "Eseon" {Harm rC+ rN+}
 40509 | Elf:3    | Got the Octavo of Allied Weather
 40576 | Elf:3    | Identified the +6 rapier "Keapn" {vamp, Stlth+}
 40595 | Elf:3    | Identified the +2 arbalest of Ebro Kut {flame, Dex+4
                  | Stlth+}
 40602 | Elf:3    | You add the spells Olgreb's Toxic Radiance and Ignition to
                  | your library.
 40606 | Elf:3    | You add the spells Freeze, Fulminant Prism and Metabolic
                  | Englaciation to your library.
 40606 | Elf:3    | Got the Textbook on Gelid Charms
 40608 | Elf:3    | Identified the +5 morningstar of Departure {freeze, Will+
                  | Int-4 SInv}
 40663 | Elf:3    | 8 curare-tipped darts {=fthrowing}; a +0 quick blade
                  | {shortrare}; a +1 chain mail of poison resistance
 40666 | Elf:3    | a +0 rapier {short}; a +0 rapier {short}; a +1 crystal
                  | plate armour {rare=g}
 40666 | Elf:3    | a +0 rapier {short}; a +0 rapier {short}; a +1 crystal
                  | plate armour {rare=g}
 40666 | Elf:3    | Could not pick up a +1 crystal plate armour {rare=g} here;
                  | ([A]lways) ignore it?
 40669 | Elf:3    | 8 curare-tipped darts {=fthrowing}; a +0 quick blade
                  | {shortrare}; a +1 chain mail of poison resistance
 40719 | Elf:3    | 8 curare-tipped darts {=fthrowing}; a +0 quick blade
                  | {shortrare}; a +1 chain mail of poison resistance
 40722 | Elf:3    | a +0 rapier {short}; a +0 rapier {short}; a +1 crystal
                  | plate armour {rare}
 40939 | Vaults:1 | Entered Level 1 of the Vaults
 41040 | Vaults:1 | Reached skill level 16 in Invocations
 41499 | Vaults:1 | Reached skill level 10 in Shields
 41959 | Vaults:1 | Reached skill level 24 in Dodging
 42334 | Vaults:1 | Reached XP level 22. HP: 140/140 MP: 34/34
 42415 | Vaults:2 | Reached skill level 11 in Shields
 42644 | Vaults:2 | Found a staircase to the Crypt.
 42644 | Vaults:2 | Found a basalt altar of Yredelemnul.
 42644 | Vaults:2 | Found an ancient bone altar of Kikubaaqudgha.
 43096 | Vaults:2 | Found a runed translucent gate.
 43096 | Vaults:2 | Found a runed translucent gate.
 43096 | Vaults:2 | Found a runed translucent gate.
 43284 | Vaults:2 | Reached skill level 25 in Dodging
 43502 | Vaults:2 | Reached skill level 12 in Shields
 44371 | Vaults:3 | You pick up a book of Frost and begin reading...
 44371 | Vaults:3 | You add the spells Frozen Ramparts and Hailstorm to your
                  | library.
 44392 | Vaults:3 | You pick up a book of the Moon and begin reading...
 44392 | Vaults:3 | You add the spells Passage of Golubria and Lehudib's
                  | Crystal Spear to your library.
 45003 | Vaults:3 | Reached XP level 23. HP: 144/144 MP: 35/35
 45011 | Vaults:3 | Reached skill level 13 in Shields
 45123 | Vaults:3 | Found Haegofoz's Antique Weapon Emporium.
 45515 | Orc:1    | Bought a masterwork ring mail for 216 gold pieces
 45515 | Orc:1    | Identified the +9 ring mail of Lilacs {rPois Int+4} (You
                  | bought it in a shop on level 1 of the Orcish Mines)
 45625 | Orc:2    | Bought 3 scrolls of blinking for 360 gold pieces
 45626 | Orc:2    | Bought a flickering jade ring for 155 gold pieces
 45626 | Orc:2    | Identified the ring of Light {rPois Str-4 Int+4 Dex+3 SInv}
                  | (You bought it in a shop on level 2 of the Orcish Mines)
 45626 | Orc:2    | Bought a scroll of brand weapon for 294 gold pieces
 45626 | Orc:2    | your +0 quick blade {shortrare=g} is engulfed in flames!
 45626 | Orc:2    | P - a +0 quick blade of flaming {shortrare=g}
 45777 | D:7      | Bought a scroll of enchant armour for 97 gold pieces
 45936 | Shoals:1 | Bought a scroll of blinking for 135 gold pieces
 45936 | Shoals:1 | Bought a scroll of enchant armour for 135 gold pieces
 46121 | D:14     | Identified the +2 great mace of Grace {freeze, +Blink MP-9
                  | Dex+6}
 46135 | D:14     | Killed LnG's ghost
 46136 | D:14     | Reached skill level 26 in Dodging
 46150 | D:14     | Identified the ring of Oskutes {Dex+2 SInv}
 46370 | Vaults:4 | You pick up a book of Touch and begin reading...
 46628 | Vaults:4 | You pick up a book of Ice and begin reading...
 46888 | Vaults:4 | Reached skill level 14 in Shields
 47099 | Vaults:4 | Found Deckieck's Antique Weapon Shop.
 47952 | Depths:1 | Entered Level 1 of the Depths
 48124 | Depths:1 | Paralysed by a floating eye for 3 turns
 48166 | Depths:1 | Paralysed by a floating eye for 3 turns
 48186 | Depths:1 | Reached skill level 15 in Shields
 48612 | Depths:1 | Found a gateway to Hell.
 48850 | Depths:1 | Found a corrupted altar of Lugonu.
 48850 | Depths:1 | Found a one-way gate to the infinite horrors of the Abyss.
 49068 | Depths:2 | Found a one-way gateway to a ziggurat.
 49270 | Depths:2 | Found a blossoming altar of Fedhas.
 49325 | Depths:2 | Identified the +1 ring mail of Upoowaewn {rCorr}
 49792 | Depths:2 | Found a one-way gate leading to the halls of Pandemonium.
 50125 | Depths:3 | Reached skill level 16 in Shields
 50134 | Depths:3 | Reached XP level 24. HP: 139/150 MP: 35/35
 50185 | Depths:3 | Could not pick up +0 storm dragon scales {rare} here;
                  | ([A]lways) ignore it?
 50254 | Depths:3 | Paralysed by a vampire knight for 5 turns
 50258 | Depths:3 | HP: 30/150 [vampire knight/+0 great sword (9)]
 50533 | Depths:3 | Found a magical portal.
 50538 | WizLab   | Entered Zonguldrok's Shrine
 50968 | WizLab   | Noticed an antique lich
 50977 | WizLab   | Killed an antique lich
 50978 | WizLab   | Reached skill level 17 in Shields
 50981 | WizLab   | Found the +9 sword of Zonguldrok {reap}
 50985 | WizLab   | You add the spells Alistair's Intoxication and Eringya's
                  | Noxious Bog to your library.
 50997 | WizLab   | You add the spells Ignite Poison, Irradiate and Iron Shot
                  | to your library.
 50997 | WizLab   | Got Ydumnob's Codex of Transmutation and the Quarry
 51020 | WizLab   | You pick up a book of Conjurations {@e2} and begin
                  | reading...
 51020 | WizLab   | You add the spells Magic Dart and Searing Ray to your
                  | library.
 51389 | Depths:3 | Identified the +4 morningstar "Wuhax" {vorpal, *Corrode rN+
                  | Dex+5}
 51416 | Depths:3 | +0 shadow dragon scales {rare}; a shadow dragon corpse
 51416 | Depths:3 | +0 shadow dragon scales {rare}; a shadow dragon corpse
 51416 | Depths:3 | Could not pick up +0 shadow dragon scales {rare} here;
                  | ([A]lways) ignore it?
 51792 | Depths:3 | You pick up a book of Touch and begin reading...
 52088 | Depths:3 | Found a shimmering altar of Xom.
 52239 | Depths:4 | Entered Level 4 of the Depths
 52399 | Depths:4 | Reached skill level 18 in Shields
 52490 | Depths:4 | Identified the +8 plate armour of Light {rF+ rCorr Str+4
                  | Dex-4}
 53050 | Depths:4 | Noticed Jory
 53054 | Depths:4 | Killed Jory
 53055 | Depths:4 | Reached XP level 25. HP: 156/156 MP: 35/35
 53101 | Depths:4 | Paralysed by a vampire knight for 4 turns
 53206 | Depths:4 | Identified +0 gold dragon scales
 53206 | Depths:4 | Found a gate to the Realm of Zot.
 53222 | Depths:4 | +0 gold dragon scales {rare}; a golden dragon corpse
 53244 | Depths:4 | +0 gold dragon scales {rare}; a golden dragon corpse
 53244 | Depths:4 | +0 gold dragon scales {rare}; a golden dragon corpse
 53244 | Depths:4 | Could not pick up +0 gold dragon scales {rare} here;
                  | ([A]lways) ignore it?
 53824 | Crypt:1  | Entered Level 1 of the Crypt
 53938 | Crypt:1  | Noticed Grunn
 53975 | Crypt:1  | HP: 29/157 [???[a doom hound] (21)]
 53977 | Crypt:1  | HP: 14/157 [poisoned by a putrid mouth (foul vapour)]
 53978 | Crypt:1  | HP: 5/157 [poisoned by a putrid mouth (foul vapour)]
 53980 | Crypt:1  | Engulfed by a putrid mouth's foul pestilence

Vanquished Creatures
  An ancient lich (WizLab)
  Jory (Depths:4)
  A golden dragon (Depths:4)
  Rupert (D:15)
  Jorgrun (Elf:1)
  2 liches
  2 deep elf blademasters (Elf:3)
  2 deep elf master archers (Elf:3)
  A kraken (Shoals:2)
  An ancient champion (WizLab)
  8 tengu reavers
  5 sphinxes
  3 tentacled starspawn (Abyss:2)
  Gastronok (Lair:2)
  2 shadow dragons
  Donald (Shoals:1)
  Kirke (Lair:4)
  6 nagarajas (Snake:4)
  2 storm dragons (Depths:3)
  A draconian monk (Depths:4)
  A draconian knight (Depths:4)
  4 frost giants
  A fire giant (Depths:4)
  Aizul (Snake:3)
  2 iron dragons
  12 vault wardens
  8 deep elf sorcerers
  2 deep elf elementalists (Elf:3)
  Louise (Shoals:2)
  A draconian shifter (Depths:4)
  2 orc warlords (Vaults:1)
  2 ghouls
  2 spriggan defenders (Depths:4)
  A reaper (Depths:1)
  A juggernaut zombie (Depths:3)
  10 stone giants
  16 ironbound preservers
  A juggernaut skeleton (Depths:3)
  25 very ugly things
  4 vampire knights
  An ironbound thunderhulk (Vaults:3)
  4 deep elf demonologists (Elf:3)
  2 minotaurs (Shoals:4)
  A white draconian (Depths:4)
  2 yellow draconians (Depths:4)
  2 purple draconians
  An eidolon (Abyss:2)
  7 deep elf annihilators
  2 spark wasps (Depths:4)
  12 dire elephants
  A blizzard demon (Depths:1)
  2 deep elf death magi (Elf:3)
  5 merfolk impalers
  2 crystal guardians (Vaults:3)
  10 great orbs of eyes
  10 ettins
  The ghost of LnG the Unseen, a journeyman KoSu of Dithmenos (D:14)
  Fannar (Lair:2)
  An entropy weaver (shapeshifter) (D:11)
  5 jiangshi
  Josephine (Shoals:1)
  A merfolk javelineer (Shoals:4)
  11 fire dragons
  2 deep elf high priests (Elf:3)
  11 yaktaur captains
  3 rakshasas
  2 peacekeepers (Vaults:3)
  2 caustic shrike simulacra (IceCv)
  2 hell beasts (Depths:1)
  3 hydras
  6 anacondas
  4 merfolk avatars
  A spriggan air mage (Depths:1)
  9 two-headed ogres
  6 ironbound frosthearts
  8 ice dragons
  6 vault guards
  An alligator snapping turtle (Shoals:4)
  4 salamander tyrants (Snake:4)
  9 centaur warriors
  12 satyrs
  20 dancing weapons
  3 death knights
  12 naga warriors
  8 boulder beetles
  Erica (D:9)
  2 orc high priests
  6 tengu warriors
  5 deep troll shamans
  5 spriggan berserkers
  2 thrashing horrors (Abyss:2)
  2 vampire magi
  Urug (Lair:5)
  7 deep troll earth magi
  5 shock serpents
  12 naga sharpshooters
  2 hell knights
  A wretched star (Abyss:2)
  A titan zombie (Depths:3)
  21 deep elf knights
  4 salamander mystics
  A shadow wraith (Depths:2)
  10 iron trolls
  23 skeletal warriors
  An obsidian statue (IceCv)
  3 glowing orange brains
  4 flayed ghosts
  5 sea snakes
  71 deep trolls
  5 wizards
  4 bog bodies (IceCv)
  2 spriggan simulacra (IceCv)
  35 deep elf pyromancers
  A naga ritualist (Snake:2)
  17 deep elf archers
  An orb spider (shapeshifter) (Depths:4)
  4 lindwurms
  22 ugly things
  14 harpies
  23 deep elf zephyrmancers
  16 ironbound convokers
  A phantasmal warrior (Vaults:3)
  9 orc knights
  4 necromancers
  A wolf spider (Lair:5)
  5 orc sorcerers
  2 tengu skeletons (Depths:3)
  A will-o-the-wisp (Abyss:2)
  A wolf spider (shapeshifter) (Depths:3)
  18 manticores
  4 salamanders
  2 worldbinders (Abyss:2)
  15 elephants
  A manticore (shapeshifter) (Elf:3)
  16 mana vipers
  7 cyclopes
  21 fauns
  An elephant (shapeshifter) (Elf:2)
  3 guardian serpents
  A smoke demon (Abyss:2)
  35 black mambas
  6 water nymphs
  9 merfolk sirens
  18 vault sentinels
  14 cane toads
  A torpor snail (Lair:4)
  13 naga magi
  A gargoyle (D:12)
  Maggie (D:8)
  3 rime drakes
  A black draconian zombie (Crypt:1)
  2 kobold demonologists (D:12)
  6 komodo dragons
  21 freezing wraiths
  28 yaktaurs
  2 ice devils (IceCv)
  5 anaconda simulacra (IceCv)
  2 golden dragon simulacra (IceCv)
  A tormentor (Crypt:1)
  2 tengu conjurers
  A merfolk (shapeshifter) (Depths:1)
  6 trolls
  An ancient zyme (Abyss:2)
  3 polar bears
  A tarantella (shapeshifter) (D:13)
  14 slime creatures
  5 wind drakes
  10 hornets
  5 blink frogs (Abyss:2)
  20 merfolk
  8 snapping turtles
  A fire dragon zombie (Crypt:1)
  7 raiju (Abyss:2)
  4 dream sheep (Lair:4)
  A centaur simulacrum (D:15)
  4 large abominations (Abyss:2)
  3 flying skulls (Abyss:2)
  10 water elementals
  2 air elementals
  4 dire elephant simulacra (IceCv)
  7 spriggans
  2 ynoxinuls (Abyss:2)
  15 wyverns
  41 yaks
  10 wraiths
  4 vampires (WizLab)
  2 hogs (shapeshifter)
  6 basilisks
  15 vampire mosquitoes
  3 neqoxecs (Abyss:2)
  A redback (Lair:5)
  A steam dragon (D:8)
  A minotaur simulacrum (IceCv)
  2 harpy simulacra (IceCv)
  2 wargs (Orc:1)
  3 acid dragons
  48 nagas
  A hydra simulacrum (IceCv)
  A floating eye (shapeshifter) (D:13)
  19 water moccasins
  A water moccasin (shapeshifter) (Elf:3)
  A floating eye (Depths:1)
  An ice beast (D:8)
  3 sky beasts
  2 elephant zombies (Lair:3)
  17 orc warriors
  6 black bears
  5 alligator simulacra (IceCv)
  9 ogres
  51 wolves
  16 centaurs
  2 komodo dragon zombies (Lair:3)
  2 phantoms
  5 kobold brigands
  2 small abominations (Abyss:2)
  11 bullfrogs
  A gnoll sergeant (D:9)
  An earth elemental (Elf:1)
  3 scorpions
  A deep troll simulacrum (IceCv)
  7 wights (WizLab)
  7 troll zombies (WizLab)
  A lindwurm simulacrum (IceCv)
  11 killer bees
  5 electric eels
  A lava snake (Snake:4)
  A quasit (Abyss:2)
  9 hounds
  2 jellies
  28 orc priests
  A gnoll bouda (D:9)
  2 iron imps (Abyss:2)
  An iguana (D:5)
  24 orc wizards
  3 ogre zombies (WizLab)
  21 gnolls
  7 adders
  A dart slug (D:1)
  60 orcs
  5 ball pythons
  6 endoplasms
  2 giant cockroaches
  11 goblins
  5 hobgoblins
  6 quokkas
  A bat (D:1)
  4 frilled lizards
  A gnoll zombie (Crypt:1)
  15 kobolds
  7 rats
  2 butterflies (Lair:1)
1673 creatures vanquished.

Vanquished Creatures (others)
  A deep troll (Vaults:2)
  2 deep elf zephyrmancers (Elf:1)
  A deep elf pyromancer (Elf:2)
  A faun (Shoals:4)
  A dream sheep (Lair:4)
  5 humans (Lair:4)
  An orc wizard (Orc:2)
  22 fungi
  31 plants
  7 starspawn tentacles (Abyss:2)
72 creatures vanquished.

Grand Total: 1745 creatures vanquished

Table legend:
 A = Non-vault XP
 B = Vault XP
 C = Vault XP percentage of total XP
 D = Non-vault monster count
 E = Vault monster count
 F = Vault count percentage of total count
                 A         B        C        D         E       F
            +---------+---------+-------+---------+---------+-------
      Total |  489586 |  337045 |  40.8 |    1112 |     564 |  33.7
            +---------+---------+-------+---------+---------+-------
        D:1 |      37 |       0 |   0.0 |      21 |       0 |   0.0
        D:2 |      39 |       0 |   0.0 |      14 |       0 |   0.0
        D:3 |      93 |       0 |   0.0 |      17 |       0 |   0.0
        D:4 |     144 |       0 |   0.0 |      17 |       0 |   0.0
        D:5 |     535 |       0 |   0.0 |      12 |       0 |   0.0
        D:6 |     842 |       0 |   0.0 |      13 |       0 |   0.0
        D:7 |     725 |       0 |   0.0 |      11 |       0 |   0.0
        D:8 |     437 |     815 |  65.1 |       7 |       4 |  36.4
        D:9 |    3098 |    1526 |  33.0 |      37 |       8 |  17.8
       D:10 |    3333 |       0 |   0.0 |      22 |       0 |   0.0
       D:11 |    4132 |       0 |   0.0 |      18 |       0 |   0.0
       D:12 |    7759 |       0 |   0.0 |      31 |       0 |   0.0
       D:13 |    5875 |    1678 |  22.2 |      22 |       8 |  26.7
       D:14 |    7978 |    8036 |  50.2 |      11 |       9 |  45.0
       D:15 |   19913 |    8359 |  29.6 |      33 |      11 |  25.0
     Lair:1 |    3335 |     210 |   5.9 |      17 |       1 |   5.6
     Lair:2 |    5082 |    6043 |  54.3 |      34 |      17 |  33.3
     Lair:3 |    6803 |    1537 |  18.4 |      28 |       8 |  22.2
     Lair:4 |   10112 |    3410 |  25.2 |      29 |      20 |  40.8
     Lair:5 |    6429 |    8261 |  56.2 |      19 |      30 |  61.2
   Shoals:1 |    8451 |    3298 |  28.1 |      18 |       7 |  28.0
   Shoals:2 |   11437 |    1170 |   9.3 |      20 |       1 |   4.8
   Shoals:3 |   12380 |    3120 |  20.1 |      28 |       6 |  17.6
   Shoals:4 |   12018 |   25127 |  67.6 |      25 |      37 |  59.7
    Snake:1 |   12498 |       0 |   0.0 |      28 |       0 |   0.0
    Snake:2 |   11501 |       0 |   0.0 |      19 |       0 |   0.0
    Snake:3 |   13778 |    7209 |  34.3 |      28 |      11 |  28.2
    Snake:4 |   11735 |   26480 |  69.3 |      29 |      48 |  62.3
      Orc:1 |    2098 |       0 |   0.0 |      40 |       0 |   0.0
      Orc:2 |    1198 |    4831 |  80.1 |      20 |      43 |  68.3
      Elf:1 |   17380 |   24457 |  58.5 |      30 |      35 |  53.8
      Elf:2 |   21321 |    6501 |  23.4 |      31 |      10 |  24.4
      Elf:3 |   19675 |   28864 |  59.5 |      31 |      25 |  44.6
   Vaults:1 |   23383 |   32248 |  58.0 |      34 |      41 |  54.7
   Vaults:2 |   26867 |   24583 |  47.8 |      40 |      36 |  47.4
   Vaults:3 |   17776 |   31543 |  64.0 |      21 |      37 |  63.8
   Vaults:4 |   27345 |    3939 |  12.6 |      35 |       5 |  12.5
    Crypt:1 |    3691 |       0 |   0.0 |       9 |       0 |   0.0
   Depths:1 |   42475 |    5023 |  10.6 |      55 |       5 |   8.3
   Depths:2 |    3749 |    2199 |  37.0 |       4 |       3 |  42.9
   Depths:3 |   41847 |   15278 |  26.7 |      47 |      19 |  28.8
   Depths:4 |   33380 |   25927 |  43.7 |      39 |      23 |  37.1
    Abyss:2 |   20451 |       0 |   0.0 |      46 |       0 |   0.0
      IceCv |       0 |   20833 | 100.0 |       0 |      51 | 100.0
     WizLab |    6451 |    4540 |  41.3 |      22 |       5 |  18.5
            +---------+---------+-------+---------+---------+-------

Illustrated notes

Table legend:
 A = Kills in this place as a percentage of kills in entire the game.
 B = Kills by you in this place as a percentage of kills by you in the entire game.
 C = Kills by friends in this place as a percentage of kills by friends in the entire game.
 D = Other kills in this place as a percentage of other kills in the entire game.
 E = Experience gained in this place as a percentage of experience gained in the entire game.
 F = Experience gained in this place divided by the number of levels of this place that you have seen.
                   A       B       C       D       E      F
               +-------+-------+-------+-------+-------+----------------------
         Total | 100.0 | 100.0 |   N/A | 100.0 | 100.0 | 17587.9
       Dungeon |  19.5 |  19.5 |   N/A |   0.0 |   9.1 | 5023.6
          Lair |  12.1 |  12.1 |   N/A |   0.0 |   6.2 | 10244.4
        Shoals |   8.5 |   8.4 |   N/A |  20.0 |   9.3 | 19250.2
     Snake Pit |   9.7 |   9.8 |   N/A |   0.0 |  10.1 | 20800.2
  Orcish Mines |   6.1 |   6.2 |   N/A |   0.0 |   1.0 | 4063.5
   Elven Halls |   9.7 |   9.5 |   N/A |  60.0 |  14.3 | 39399.3
        Vaults |  14.9 |  14.8 |   N/A |  20.0 |  22.7 | 46921.0
         Crypt |   0.5 |   0.5 |   N/A |   0.0 |   0.4 | 3691.0
        Depths |  11.6 |  11.7 |   N/A |   0.0 |  20.6 | 42469.5
         Abyss |   2.7 |   2.8 |   N/A |   0.0 |   2.5 | 20451.0
      Ice Cave |   3.0 |   3.1 |   N/A |   0.0 |   2.5 | 20833.0
        Wizlab |   1.6 |   1.6 |   N/A |   0.0 |   1.3 | 10991.0
               +-------+-------+-------+-------+-------+----------------------

Table legend: (Time is in decaauts)
 A = Elapsed time spent in this place.
 B = Non-inter-level travel time spent in this place.
 C = Inter-level travel time spent in this place.
 D = Time resting spent in this place.
 E = Time spent auto-exploring this place.
 F = Levels seen in this place.
 G = Mean time per level.
                   A        B        C        D        E       F      G
               +--------+--------+--------+--------+--------+-----+--------+
         Total |  51277 |  46317 |   4960 |   3377 |  34324 |  47 | 1091.0 |
       Dungeon |  16359 |  14260 |   2099 |    528 |  11907 |  15 | 1090.6 |
        Temple |     89 |     62 |     27 |      0 |     59 |   1 |   89.0 |
          Lair |   5517 |   5075 |    442 |      6 |   4235 |   5 | 1103.4 |
        Shoals |   3854 |   3569 |    285 |    368 |   2415 |   4 |  963.5 |
     Snake Pit |   4923 |   4693 |    230 |    693 |   3116 |   4 | 1230.8 |
  Orcish Mines |   2548 |   2067 |    481 |    210 |   1418 |   2 | 1274.0 |
   Elven Halls |   5453 |   4792 |    661 |    549 |   3101 |   3 | 1817.7 |
        Vaults |   5723 |   5219 |    504 |    275 |   4019 |   4 | 1430.8 |
         Crypt |    147 |    147 |      0 |      0 |     66 |   1 |  147.0 |
        Depths |   4590 |   4362 |    228 |    176 |   3325 |   4 | 1147.5 |
         Abyss |    461 |    461 |      0 |    143 |    144 |   1 |  461.0 |
      Ice Cave |    901 |    901 |      0 |    423 |    305 |   1 |  901.0 |
        Wizlab |    430 |    430 |      0 |      5 |     95 |   1 |  430.0 |
      Gauntlet |    275 |    275 |      0 |      0 |    116 |   1 |  275.0 |
               +--------+--------+--------+--------+--------+-----+--------+

Top non-repeatable levels by time:
   Elf:1: 2253 daAuts
   Elf:3: 1933 daAuts
 Snake:4: 1817 daAuts
     D:9: 1675 daAuts
Vaults:1: 1580 daAuts
Vaults:2: 1482 daAuts
Depths:3: 1474 daAuts
 Snake:3: 1446 daAuts
    D:15: 1427 daAuts
     D:7: 1422 daAuts
  Lair:5: 1407 daAuts
    D:12: 1402 daAuts
   Orc:2: 1355 daAuts
Vaults:4: 1345 daAuts
Vaults:3: 1315 daAuts
